Map: Disco Bloodbath LE

Players

TLO - Winner!

  • Race: Zerg Zerg
  • Spawn Location: 3:00

Rhizer

  • Race: Protoss Protoss
  • Spawn Location: 9:00

VOD

Have the link to the VOD?

Description

Time

  • Played on: Sept. 6, 2019, 1:44 p.m.
  • Length: 11:53
Show
View Real Time Build Order
Export as new Build Order

TLO Zerg - Winner!

Build Orders: Hatch First, Roach Hydra 

Get SALT Encoding   

  12  0:00  Drone  
  13  0:13  Overlord  
  13  0:16  Drone  
  14  0:31  Drone x2  
  16  0:48  Hatchery  
  15  0:51  Drone  
  15  0:55  Drone  
  17  0:59  Drone  
  18  1:05  Extractor  
  17  1:14  Spawning Pool  
  17  1:16  Drone  
  17  1:20  Drone  
  18  1:28  Drone  
  19  1:39  Drone  
  20  1:50  Overlord  
  20  2:00  Queen  
  20  2:01  Queen  
  22  2:02  Zergling x4  
  26  2:08  Metabolic Boost  
  26  2:13  Drone  
  27  2:16  Drone  
  28  2:23  Drone  
  28  2:25  Drone  
  30  2:36  Hatchery  
  29  2:44  Overlord  
  29  2:45  Drone x2  
  29  2:48  Drone  
  32  2:55  Overlord  
  32  2:56  Drone  
  33  3:01  Queen  
  33  3:05  Drone  
  36  3:06  Zergling x2  
  36  3:12  Drone x2  
  39  3:13  Drone  
  39  3:14  Drone  
  39  3:15  Zergling x2  
  39  3:18  Drone  
  43  3:21  Drone  
  43  3:24  Spore Crawler  
  43  3:25  Drone  
  44  3:30  Queen  
  44  3:32  Drone  
  47  3:37  Overlord  
  47  3:40  Spore Crawler  
  46  3:42  Drone  
  46  3:43  Drone  
  46  3:45  Drone  
  46  3:46  Drone  
  50  3:51  Spore Crawler  
  50  3:53  Queen  
  51  3:56  Drone  
  51  3:58  Zergling x2  
  51  4:01  Zergling x2  
  51  4:02  Drone  
  55  4:03  Drone  
  55  4:04  Drone  
  55  4:09  Lair  
  57  4:13  Drone x2  
  57  4:15  Drone  
  60  4:17  Drone  
  60  4:18  Spore Crawler  
  60  4:20  Drone  
  62  4:25  Extractor, Drone  
  62  4:26  Drone, Roach Warren, Extractor  
  62  4:31  Overlord  
  60  4:35  Drone x2  
  60  4:36  Overlord  
  60  4:37  Drone  
  62  4:42  Overlord  
  62  4:43  Drone  
  62  4:44  Drone  
  63  4:45  Overlord  
  63  4:50  Drone  
  63  4:51  Overlord  
  63  4:52  Drone  
  63  4:54  Extractor  
  63  4:57  Drone  
  63  4:58  Evolution Chamber, Drone  
  63  5:00  Drone  
  63  5:01  Drone  
  63  5:02  Drone  
  63  5:04  Zergling x2  
  63  5:06  Zergling x2  
  68  5:10  Drone  
  68  5:11  Glial Reconstitution  
  68  5:13  Roach x2  
  73  5:17  Roach  
  73  5:18  Roach  
  73  5:19  Roach  
  79  5:23  Roach  
  79  5:26  Roach x2  
  84  5:30  Zerg Missile Weapons Level 1, Roach  
  84  5:34  Roach  
  84  5:35  Roach  
  90  5:36  Drone  
  90  5:38  Drone  
  90  5:40  Extractor, Drone  
  90  5:42  Drone  
  93  5:43  Roach  
  93  5:46  Roach  
  97  5:53  Ravager  
  97  5:54  Overlord  
  97  5:55  Overlord  
  98  5:58  Overlord  
  98  5:59  Overlord  
  97  6:09  Queen  
  97  6:13  Drone x2  
  97  6:14  Spire  
  97  6:15  Drone, Queen, Roach  
  97  6:17  Extractor  
  97  6:18  Spore Crawler  
  101  6:19  Spore Crawler  
  101  6:22  Drone  
  101  6:25  Overseer, Pneumatized Carapace  
  101  6:26  Drone  
  101  6:28  Spore Crawler  
  101  6:29  Drone  
  101  6:32  Drone x2  
  104  6:33  Drone  
  104  6:37  Roach  
  104  6:38  Roach  
  109  6:43  Roach  
  111  6:48  Queen  
  111  6:49  Roach  
  111  6:51  Drone x2, Queen  
  117  7:04  Hatchery  
  112  7:30  Mutalisk x9  
  112  7:33  Overlord  
  130  7:41  Overlord  
  130  7:43  Overlord  
  130  7:44  Hydralisk Den  
  130  7:45  Overlord  
  130  7:46  Drone  
  130  7:49  Overlord  
  130  7:53  Drone x3  
  130  7:54  Evolution Chamber  
  130  7:55  Drone, Roach  
  130  7:56  Roach  
  137  8:00  Overlord x2, Hatchery  
  137  8:03  Zerg Missile Weapons Level 2  
  136  8:06  Drone  
  136  8:09  Overlord  
  137  8:14  Roach  
  137  8:19  Roach x9  
  161  8:20  Roach x2  
  138  8:34  Roach  
  138  8:35  Roach x7  
  138  8:39  Grooved Spines  
  150  8:46  Hydralisk x4  
  158  8:52  Overlord  
  158  8:53  Hydralisk  
  160  9:02  Hydralisk x5  
  170  9:10  Hydralisk x3  
  170  9:15  Hydralisk  
  170  9:16  Hydralisk  
  180  9:19  Hydralisk  
  178  9:33  Hydralisk x5  
  178  9:35  Zergling x12  
  192  9:48  Hydralisk x2  
  192  9:51  Muscular Augments, Ravager  
  198  9:52  Zergling x2  
  198  10:00  Hydralisk  
  198  10:02  Roach  
  198  10:04  Roach  
  198  10:06  Roach  
  183  10:07  Roach x2  
  183  10:10  Roach x2  
  183  10:12  Roach  
  186  10:14  Hydralisk x2  
  186  10:15  Roach  
  186  10:21  Roach x2  
  182  10:24  Roach  
  163  10:28  Zergling x4  
  163  10:30  Drone  
  163  10:33  Drone x2  
  163  10:34  Drone  
  168  10:37  Drone  
  169  10:46  Hydralisk  
  169  10:47  Ravager  
  169  10:49  Ravager  
  174  10:50  Ravager  
  174  10:53  Hydralisk  
  174  10:56  Hydralisk  
  178  11:00  Drone x2  
  178  11:02  Zergling x2  
  181  11:04  Hydralisk  
  181  11:07  Hydralisk  
  181  11:11  Zergling x2  
  186  11:12  Roach  
  186  11:13  Zergling x2  
  186  11:15  Zergling x2  
  186  11:16  Zergling x2  
  190  11:19  Zergling x2  
  190  11:20  Zergling x4  
  190  11:21  Zergling x2  
  190  11:25  Zergling x4  
  191  11:26  Hydralisk  
  191  11:28  Overseer  
  191  11:32  Zergling x2  
  177  11:34  Zergling x2  
  177  11:35  Zergling x2  
  177  11:36  Zergling x2  
Show
View Real Time Build Order
Export as new Build Order

Rhizer Protoss 

Build Orders: 1 Gate Expand, Oracle Opening, Phoenix Opening, Archon Immortal 

Get SALT Encoding   

  12  0:01  Probe  
  13  0:13  Probe  
  14  0:21  Pylon  
  14  0:25  Probe  
  15  0:35  Probe  
  15  0:40  Gateway  
  16  0:43  Probe  
  16  0:49  Assimilator  
  17  0:53  Probe  
  18  1:06  Probe  
  19  1:18  Probe  
  20  1:25  Nexus  
  20  1:37  Cybernetics Core  
  20  1:38  Probe  
  21  1:44  Assimilator  
  21  1:50  Probe  
  21  1:52  Pylon  
  22  2:02  Probe  
  22  2:03  Adept  
  23  2:10  Probe  
  26  2:18  Probe  
  26  2:24  Stargate  
  26  2:29  Probe  
  27  2:33  Adept  
  30  2:37  Probe  
  30  2:39  Warp Gate  
  30  2:40  Probe  
  32  2:48  Probe  
  32  2:49  Probe  
  33  2:56  Probe  
  33  2:58  Gateway  
  34  3:01  Probe, Phoenix  
  36  3:07  Probe  
  39  3:14  Probe  
  39  3:15  Pylon  
  39  3:17  Oracle  
  39  3:19  Probe  
  41  3:26  Probe  
  45  3:31  Probe  
  45  3:32  Assimilator  
  45  3:33  Assimilator  
  46  3:38  Probe  
  46  3:40  Pylon  
  47  3:44  Probe  
  48  3:50  Oracle, Probe  
  52  3:56  Probe  
  52  4:02  Probe  
  54  4:04  Pylon  
  54  4:06  Robotics Facility  
  54  4:08  Probe  
  55  4:14  Probe  
  56  4:20  Probe  
  56  4:23  Oracle  
  57  4:29  Adept x2  
  64  4:32  Nexus  
  64  4:34  Pylon  
  64  4:43  Pylon  
  62  4:46  Probe  
  62  4:49  Probe  
  62  4:50  Oracle  
  60  4:59  Probe  
  61  5:03  Observer  
  61  5:04  Adept x2  
  61  5:06  Probe  
  70  5:09  Forge  
  70  5:11  Probe  
  70  5:17  Oracle  
  70  5:18  Probe  
  71  5:24  Probe  
  75  5:30  Gateway, Probe  
  75  5:33  Gateway  
  75  5:35  Gateway  
  76  5:37  Immortal, Probe  
  76  5:39  Sentry  
  76  5:42  Probe  
  84  5:48  Oracle  
  84  5:51  Probe, Protoss Ground Weapons Level 1  
  84  5:52  Probe  
  89  5:58  Shield Battery, Probe  
  89  6:03  Probe  
  91  6:05  Twilight Council  
  91  6:06  Pylon  
  91  6:15  Immortal  
  91  6:17  Probe x2  
  97  6:18  Sentry  
  97  6:19  Probe  
  100  6:27  Pylon  
  100  6:29  Pylon, Probe  
  100  6:30  Observer  
  100  6:31  Pylon  
  100  6:32  Probe  
  102  6:33  Assimilator  
  102  6:34  Pylon  
  102  6:36  Probe  
  102  6:39  Assimilator  
  103  6:40  Zealot x2  
  103  6:41  Probe  
  103  6:46  Immortal  
  107  6:51  Charge  
  107  6:57  Templar Archives  
  107  6:58  Probe  
  107  7:00  Observer  
  112  7:12  Immortal  
  111  7:24  Zealot  
  111  7:25  Zealot x4  
  125  7:30  Gateway  
  125  7:32  Gateway  
  125  7:36  Shield Battery  
  125  7:37  Shield Battery  
  125  7:38  Gateway, Pylon  
  125  7:39  Pylon  
  125  7:44  Observer  
  125  7:50  Zealot, High Templar x4  
  135  7:55  Archon  
  135  7:56  Archon  
  135  7:57  Warp Prism  
  136  8:02  Protoss Ground Weapons Level 2  
  136  8:07  Gateway x2  
  136  8:08  Photon Cannon  
  136  8:10  Photon Cannon  
  138  8:13  Photon Cannon  
  138  8:14  Blink  
  134  8:22  Pylon  
  114  8:35  Stalker x7  
  128  8:46  Nexus  
  128  8:58  Stalker x3  
  128  8:59  Stalker  
  136  9:08  Stalker x3  
  141  9:14  Stalker  
  141  9:19  Stalker x2  
  141  9:23  Psionic Storm  
  139  9:31  Immortal, Stalker x3  
  139  9:32  Stalker  
  151  9:45  High Templar x2  
  155  9:56  High Templar  
  155  9:57  Zealot  
  159  10:04  Zealot x3, Sentry  
  160  10:09  Assimilator  
  156  10:16  Zealot x2  
  110  10:31  Zealot x2  
  110  10:32  Zealot x6  
  121  10:36  Immortal  
  121  10:44  High Templar x2  
  129  10:54  Dark Shrine, High Templar  
  129  10:55  High Templar  
  133  11:08  Immortal  
  133  11:09  Zealot, High Templar x2  
  133  11:10  Zealot x3  
  146  11:25  Zealot x2  
  149  11:31  Zealot x3  
  133  11:39  Zealot x2  
  108  11:41  Archon  
  108  11:44  Zealot  
Tags
 
Add a new tag
Caveats
  • Supply blocks, unpowered buildings, or Contaminate may cause inaccurate times.
  • Supply counts are checked every 10 seconds.